 Dungeon Crawl Stone Soup version 0.30-a0-908-g5a111fc481 (webtiles) character file.

Game seed: 16153207574476265055

51 theswoord the Slasher (level 3, -6/23 HPs)
             Began as a Gargoyle Berserker on Mar 19, 2023.
             Was a Believer of Trog.
             Mangled by an iguana (9 damage)
             ... on level 2 of the Dungeon.
             The game lasted 00:01:56 (1331 turns).

theswoord the Slasher (Gargoyle Berserker)          Turns: 1331, Time: 00:01:56

Health: -6/23      AC:  5    Str: 22    XL:     3   Next: 81%
Magic:  3/3        EV: 11    Int:  7    God:    Trog [**....]
Gold:   101        SH:  0    Dex:  9    Spells: 2/2 levels left

rFire   . . .      SeeInvis .    a - +0 falchion
rCold   . . .      Faith    .    (no shield)
rNeg    + . .      Spirit   .    b - +0 animal skin
rPois   ∞          Reflect  .    (no helmet)
rElec   +          Rampage  .    (no cloak)
rCorr   .                        (no gloves)
Will    .....                    (no boots)
Stlth   +                        (no amulet)
HPRegen 0.23/turn                (no ring)
MPRegen 0.08/turn                (no ring)

@: no status effects
A: sickness immunity, AC +3, negative energy resistance 1, electricity
resistance, torment resistance 1, petrification resistance
a: Renounce Religion, Berserk, Trog's Hand


You were on level 2 of the Dungeon.
You worshipped Trog.
Trog was pleased with you.
You visited 1 branch of the dungeon, and saw 2 of its levels.

You collected 101 gold pieces.

Inventory:

Hand Weapons
 a - a +0 falchion (weapon)
Armour
 b - a +0 animal skin (worn)
Scrolls
 f - a scroll of identify
Potions
 c - 3 potions of lignification
 d - a potion of berserk rage {unknown}
 e - a potion of attraction {unknown}


   Skills:
 - Level 3.2 Fighting
 + Level 4.2 Long Blades
 - Level 2.1 Armour
 - Level 1.5 Dodging


You had 2 spell levels left.
You didn't know any spells.
Your spell library was empty.

Dungeon Overview and Level Annotations

Branches:
Dungeon (2/15)

Altars:

Shops:
D:1 =


Innate Abilities, Weirdness & Mutations

You are immune to sickness and miasma.
Your stone body is resilient. (AC +3)
You are immune to poison.
You resist negative energy. (rN+)
You are resistant to electric shocks. (rElec)
You are resistant to unholy torment.
You are immune to petrification.


Message History

You hit the giant cockroach.
You kill the giant cockroach!
Trog accepts your kill.
No target in view!
No target in view!
No target in view!
No target in view!
No target in view!
An endoplasm comes into view.
An endoplasm is nearby!
An endoplasm is nearby!
An iguana and a frilled lizard come into view.
The iguana hisses angrily.
The endoplasm quivers.
The frilled lizard hisses angrily.
You hit the endoplasm. The endoplasm freezes you.
You are frozen.
An endoplasm comes into view.
The endoplasm quivers.
You hit the endoplasm.
You kill the endoplasm!
Trog accepts your kill. The iguana bites you.
You barely miss the iguana. The iguana bites you.
You barely miss the iguana. The iguana closely misses you.
The frilled lizard barely misses you. The iguana barely misses you.
The frilled lizard barely misses you.
You hit the iguana. The frilled lizard misses you. The iguana bites you!
* * * LOW HITPOINT WARNING * * *
The endoplasm freezes you.
You are frozen.
* * * LOW HITPOINT WARNING * * *
You hit the iguana. You punch the iguana, but do no damage.
The endoplasm barely misses you. The iguana bites you.
* * * LOW HITPOINT WARNING * * *
The frilled lizard bites you but does no damage.
You closely miss the iguana. The frilled lizard barely misses you.
The iguana bites you!
You die...

........#
#.......#
#.......#
#.......#
#.......#
#.......#
#.####.lJ..#
......l@..>#
##########.#
#.# #.# #.#
##.. #.#
#... #.#
#..# #.#
#..# #.#


You could see an iguana, an endoplasm and a frilled lizard.

Vanquished Creatures
  2 worms (D:2)
  A dart slug (D:1)
  3 endoplasms
  4 giant cockroaches
  4 goblins (D:1)
  4 jackals (D:1)
  3 quokkas (D:1)
  7 ball pythons
  A bat (D:1)
  4 frilled lizards
  4 kobolds
  5 rats (D:1)
42 creatures vanquished.

Notes
Turn   | Place    | Note
-------+----------+-------------------------------------------
     0 | D:1      | theswoord the Gargoyle Berserker began the quest for the
                  | Orb.
     0 | D:1      | Reached XP level 1. HP: 14/14 MP: 1/1
    96 | D:1      | Reached skill level 3 in Long Blades
   157 | D:1      | Reached XP level 2. HP: 19/19 MP: 2/2
   687 | D:1      | Reached XP level 3. HP: 21/23 MP: 3/3
   695 | D:1      | Found Quomem's Jewellery Boutique.
  1016 | D:2      | Reached ** piety under Trog
  1017 | D:2      | Reached skill level 4 in Long Blades
  1331 | D:2      | Mangled by an iguana

Skill      XL: |  1  2  3 |
---------------+----------+-----
Long Blades    | 3 4 |  4.2
Fighting       | |  3.2
Armour         | |  2.1
Dodging        | |  1.5

Action                     || total
---------------------------++-------
  Melee: Falchion          ||   163
         Punch             ||     4
    Use: Scroll            ||     4
   Stab: Sleeping          ||     1
 Armour: Animal skin       ||    59
  Dodge: Dodged            ||    92

Levels and vault maps discovered:
D:1:      minmay_arrival_arboretum_small, layout_loops_corners, serial_shops,
          nicolae_shop_behind_doors
D:2:      layout_basic
